 Dungeon Crawl Stone Soup version 0.23.2-40-g277498a001 (webtiles) character file.

Game seed: 12932602112622705763

1976 Emblim88 the Covert (level 9, 0/41 HPs)
             Began as a Spriggan Assassin on Aug 17, 2019.
             Was a Believer of Dithmenos.
             Slain by Duvessa
             ... wielding a +3 short sword of venom
              (11 damage)
             ... on level 7 of the Dungeon.
             The game lasted 00:38:54 (9097 turns).

Emblim88 the Covert (Spriggan Assassin)             Turns: 9097, Time: 00:38:54

Health: 0/41       AC:  3    Str: 12    XL:     9   Next: 0%
Magic:  10/10      EV: 23    Int: 12    God:    Dithmenos [**....]
Gold:   472        SH:  0    Dex: 21    Spells: 7/8 levels left

rFire    . . .     SeeInvis +   b - +0 blowgun
rCold    . . .     Gourm    .   (shield restricted)
rNeg     . . .     Faith    .   c - +0 robe
rPois    .         Spirit   .   (helmet restricted)
rElec    .         Reflect  .   d - +0 cloak
rCorr    .         Harm     .   (gloves unavailable)
MR       +....                  (boots unavailable)
Stlth    ++++++....             h - amulet of the acrobat
HPRegen  0.13/turn              q - +4 ring of slaying
MPRegen  0.12/turn              H - +5 ring of strength

@: wreathed by umbra, very quick
A: very small, unfitting armour, see invisible, herbivore, speed 3, slow
metabolism 2
a: Shadow Step, Renounce Religion


You were on level 7 of the Dungeon.
You worshipped Dithmenos.
Dithmenos was pleased with you.
You were not hungry.

You visited 1 branch of the dungeon, and saw 7 of its levels.

You collected 472 gold pieces.

Inventory:

Hand Weapons
 b - a +0 blowgun (weapon)
 n - a +1 falchion of holy wrath
 r - a +3 dagger
Missiles
 u - 52 stones (quivered)
 J - 3 throwing nets
Armour
 c - a +0 robe (worn)
 d - a +0 cloak (worn)
Magical Staves
 w - an uncursed staff of wizardry {unknown}
Jewellery
 h - an amulet of the acrobat (around neck)
 q - a +4 ring of slaying (left hand)
 v - an uncursed ring of protection from fire
 y - an uncursed ring of flight
 G - a cursed -2 ring of intelligence {unknown}
 H - a +5 ring of strength (right hand)
Wands
 e - a wand of polymorph (2)
 x - a wand of flame (17)
Scrolls
 f - a scroll of magic mapping
 j - a scroll of amnesia
 m - 3 scrolls of fear
 o - 7 scrolls of remove curse
 p - 4 scrolls of teleportation
 s - a scroll of immolation
 B - 3 scrolls of noise
 D - a scroll of enchant weapon
 E - a scroll of vulnerability
Potions
 a - 2 potions of heal wounds {unknown}
 i - a potion of haste
 k - a potion of curing
 l - 4 potions of degeneration
 t - a potion of invisibility {unknown}
 z - a potion of might {unknown}
 A - a potion of cancellation {unknown}
 C - 2 potions of lignification {unknown}
 F - 2 potions of agility
Comestibles
 g - 12 rations


   Skills:
 - Level 1.5 Fighting
 - Level 3.3 Short Blades
 * Level 6.8 Throwing
 + Level 6.7 Dodging
 * Level 11.4 Stealth
 * Level 7.0 Translocations


You had 7 spell levels left.
You knew the following spells:

 Your Spells              Type           Power        Failure   Level  Hunger
a - Apportation           Tloc           ###...       1%          1    ##.....

Your spell library contained the following spells:

 Spells                   Type           Power        Failure   Level  Hunger
 Animate Skeleton         Necr           N/A          32%         1    ##.....
 Confusing Touch          Hex            #.....       32%         1    ##.....
 Flame Tongue             Conj/Fire      #....        32%         1    ##.....
 Summon Small Mammal      Summ           #...         32%         1    ##.....
 Throw Flame              Conj/Fire      #.....       45%         2    ###....
 Conjure Flame            Conj/Fire      #.......     69%         3    ####...
 Inner Flame              Hex/Fire       #.......     69%         3    ####...
 Sticky Flame             Conj/Fire      #.......     97%         4    #####..
 Fireball                 Conj/Fire      #.........   100%        5    ######.


Dungeon Overview and Level Annotations

Branches:
Dungeon (7/15)             Temple (0/1) D:7

Altars:
Dithmenos
Fedhas
Gozag
Hepliaklqana
Kikubaaqudgha
Makhleb
Nemelex Xobeh
Okawaru
Qazlal
Ru
Trog
Wu Jian

Shops:
D:6 *!:([

Annotations:
D:4 2 transporters
D:7 1 runed translucent door, Duvessa; FishyPogo's ghost, novice DrAE


Innate Abilities, Weirdness & Mutations

You are very small and have problems with some larger weapons.
You are too small for most types of armour.
You have supernaturally acute eyesight. (SInv)
You are a herbivore.
You cover ground extremely quickly.
You need to consume almost no food.


Message History

You feel sick.
* * * LOW HITPOINT WARNING * * *
You feel sick.
* * * LOW HITPOINT WARNING * * *
You feel sick.
* * * LOW HITPOINT WARNING * * *
You feel sick. Dithmenos accepts your kill.
Duvessa screams, "No!
How DARE you!"
Duvessa goes berserk!
Your Translocations skill increases to level 7!
You have reached level 9!
Your experience leads to an increase in your attributes!
Your base attributes are Str 7, Int 12, Dex 20.
Increase (S)trength, (I)ntelligence, or (D)exterity?
You feel agile.
You feel a bit more experienced.
You feel better.
Duvessa hits you with a +3 short sword of venom!
You die...

##+## #....# #.......
#...# #....# ###.....
##..# #....# #.....
##.# #....# #..... #.#
#....# #.....
#.######....# #.....
#.#.....##### #.....
#.......###############
#...._@e..........e(..(
#.#.....###############
#........# ####...#.#
###.#.# #...# #.### #.#
###


You could see Duvessa (berserk).

Vanquished Creatures
  Harold (D:7)
  An ice beast (D:6)
  A black bear (D:6)
  2 bullfrogs (D:6)
  Dowan (D:7)
  3 scorpions
  A jelly (D:6)
  2 crimson imps
  3 hounds (D:6)
  3 orc priests
  A centaur skeleton (D:6)
  2 orc wizards
  An iguana (D:6)
  3 worker ants (D:4)
  Natasha (thrice) (D:2)
  A hound skeleton (D:6)
  Robin (D:3)
  4 adders
  2 gnolls (D:6)
  An ooze (D:3)
  An adder zombie (D:7)
  An adder skeleton (D:4)
  2 worms (D:3)
  2 dart slugs
  19 orcs
  2 ball pythons
  11 bats
  2 giant cockroaches
  16 goblins
  10 hobgoblins
  16 jackals
  7 kobolds
  3 quokkas
  6 frilled lizards
  6 rats
  A butterfly (D:7)
142 creatures vanquished.

Notes
Turn   | Place    | Note
-------+----------+-------------------------------------------
     0 | D:1      | Emblim88 the Spriggan Assassin began the quest for the Orb.
     0 | D:1      | Reached XP level 1. HP: 10/10 MP: 2/2
    70 | D:1      | Reached skill level 6 in Stealth
   194 | D:1      | Reached XP level 2. HP: 14/14 MP: 3/3
  1072 | D:2      | Reached XP level 3. HP: 18/18 MP: 4/4
  1173 | D:2      | Noticed Natasha
  1305 | D:2      | Killed Natasha
  1635 | D:2      | Reached XP level 4. HP: 22/22 MP: 5/5
  1845 | D:2      | Noticed Natasha
  1873 | D:2      | Killed Natasha
  1873 | D:2      | Reached skill level 7 in Stealth
  2141 | D:2      | Noticed Natasha
  2331 | D:2      | Killed Natasha
  2540 | D:2      | HP: 1/22 [orc wizard/magic dart (5)]
  2600 | D:2      | Reached XP level 5. HP: 4/25 MP: 6/6
  3274 | D:3      | Found an opulent altar of Gozag.
  3437 | D:3      | Found a shadowy altar of Dithmenos.
  3698 | D:3      | Became a worshipper of Dithmenos the Shadowed
  4139 | D:3      | Reached XP level 6. HP: 30/30 MP: 7/7
  4487 | D:4      | Reached skill level 8 in Stealth
  4602 | D:4      | Found a burning altar of Makhleb.
  4659 | D:4      | Noticed Robin
  4738 | D:3      | Killed Robin
  4894 | D:3      | Reached * piety under Dithmenos
  5313 | D:4      | Found a transporter.
  5387 | D:4      | Found a transporter.
  5387 | D:4      | Noticed an ice beast
  5408 | D:4      | Found a stormy altar of Qazlal.
  5412 | D:4      | Noticed a hippogriff
  5417 | D:4      | Found an ancient bone altar of Kikubaaqudgha.
  5449 | D:4      | Found a sacrificial altar of Ru.
  5501 | D:4      | Found a sparkling altar of Nemelex Xobeh.
  5610 | D:4      | Learned a level 1 spell: Apportation
  5626 | D:5      | Entered Level 5 of the Dungeon
  5913 | D:5      | Reached skill level 9 in Stealth
  5913 | D:5      | Reached XP level 7. HP: 31/33 MP: 8/8
  6304 | D:5      | Found a sparkling altar of Nemelex Xobeh.
  6348 | D:5      | Found an ornate altar of the Wu Jian Council.
  6402 | D:5      | Found a bloodstained altar of Trog.
  6403 | D:5      | Found a blossoming altar of Fedhas.
  6582 | D:6      | Found Larifal's Armour Emporium.
  6594 | D:6      | Reached skill level 1 in Translocations
  6768 | D:6      | Reached skill level 5 in Throwing
  7089 | D:6      | Reached skill level 5 in Dodging
  7164 | D:6      | Found Didevobro's Distillery.
  7252 | D:6      | Found Dalurgh's Assorted Antiques.
  8041 | D:6      | Found Ymurid's Weapon Boutique.
  8070 | D:6      | Found Dadweus's Book Boutique.
  8148 | D:6      | Reached ** piety under Dithmenos
  8245 | D:6      | Reached skill level 10 in Stealth
  8245 | D:6      | Reached XP level 8. HP: 23/37 MP: 9/9
  8314 | D:6      | Found an iron altar of Okawaru.
  8504 | D:6      | Reached skill level 5 in Translocations
  8589 | D:7      | Found a staircase to the Ecumenical Temple.
  8673 | D:7      | Noticed Harold
  8755 | D:7      | Killed Harold
  8755 | D:7      | Reached skill level 11 in Stealth
  9016 | D:7      | Found a hazy altar of Hepliaklqana.
  9043 | D:7      | Found a runed translucent door.
  9044 | D:7      | Noticed FishyPogo's ghost (novice DrAE)
  9070 | D:7      | Noticed Dowan
  9074 | D:7      | Noticed Duvessa
  9096 | D:7      | Killed Dowan
  9096 | D:7      | Reached XP level 9. HP: 6/41 MP: 10/10
  9097 | D:7      | Slain by Duvessa

Skill      XL: |  1  2  3  4  5  6  7  8 |
---------------+-------------------------+-----
Stealth        | 6 7 9 10 11 | 11.4
Dodging        | 2 3 4 5 6 |  6.7
Throwing       | 3 4 5 6 |  6.8
Short Blades   | 3 |  3.3
Translocations | 4 7 |  7.0
Fighting       | |  1.5

Action                   |  1- 3 |  4- 6 |  7- 9 || total
-------------------------+-------+-------+-------++-------
Melee: Blowgun           |    12 |    32 |    42 ||    86
       Dagger            |       |     5 |       ||     5
       Unarmed           |       |       |     1 ||     1
 Fire: Blowgun           |    73 |   232 |   117 ||   422
Throw: Stone             |       |    12 |   137 ||   149
 Cast: Apportation       |       |     1 |       ||     1
  Use: Scroll            |       |     4 |     6 ||    10
       Potion            |       |     2 |     3 ||     5
  Eat: Ration            |       |     1 |     1 ||     2
Armor: Robe              |     6 |    21 |     8 ||    35
Dodge: Dodged            |    71 |   144 |   158 ||   373
